Map: Rosanegro LE

Players

xSaga - Winner!

  • Race: Protoss Protoss
  • League: Silver
  • Spawn Location: 1:00

IagoAbreu

  • Race: Protoss Protoss
  • League: Gold
  • Spawn Location: 7:00

VOD

Have the link to the VOD?

Description

Time

  • Played on: March 31, 2018, 11:16 a.m.
  • Length: 15:10
Show
View Real Time Build Order
Export as new Build Order

xSaga Protoss - Winner!

Build Orders: Double Forge, Dark Templar Rush 

Get SALT Encoding   

  12  0:01  Probe (Chrono Boost)  
  13  0:12  Probe (Chrono Boost)  
  14  0:17  Probe (Chrono Boost)  
  15  0:24  Pylon  
  16  0:42  Probe  
  16  0:52  Gateway  
  16  0:55  Probe (Chrono Boost)  
  17  0:59  Forge  
  17  1:00  Pylon  
  17  1:05  Assimilator  
  17  1:08  Probe (Chrono Boost)  
  18  1:16  Probe (Chrono Boost)  
  19  1:22  Probe  
  20  1:34  Probe  
  20  1:35  Assimilator  
  20  1:39  Zealot  
  23  1:46  Probe  
  24  1:49  Cybernetics Core  
  24  1:59  Probe  
  25  2:06  Zealot  
  27  2:11  Probe  
  28  2:24  Nexus  
  28  2:26  Warp Gate (Chrono Boost)  
  28  2:35  Stalker  
  30  2:46  Twilight Council  
  30  2:51  Pylon  
  30  2:57  Pylon  
  30  3:12  Forge  
  30  3:15  Pylon  
  30  3:24  Gateway  
  30  3:35  Dark Shrine  
  30  3:39  Probe (Chrono Boost)  
  32  3:43  Probe (Chrono Boost)  
  32  3:47  Probe (Chrono Boost)  
  33  3:51  Probe (Chrono Boost)  
  33  3:53  Probe (Chrono Boost)  
  36  4:03  Assimilator  
  36  4:05  Probe (Chrono Boost)  
  36  4:07  Probe (Chrono Boost)  
  37  4:12  Protoss Ground Weapons Level 1 (Chrono Boost), Protoss Ground Armor Level 1 (Chrono Boost)  
  37  4:15  Probe (Chrono Boost)  
  38  4:20  Probe (Chrono Boost)  
  39  4:26  Assimilator  
  41  4:31  Probe x2 (Chrono Boost)  
  41  4:36  Probe (Chrono Boost)  
  41  4:38  Gateway  
  43  4:40  Probe (Chrono Boost)  
  43  4:47  Probe (Chrono Boost)  
  45  4:54  Probe x2 (Chrono Boost)  
  45  4:59  Pylon  
  46  5:01  Pylon, Probe  
  46  5:02  Probe  
  46  5:06  Robotics Facility  
  48  5:10  Gateway  
  48  5:14  Probe  
  48  5:18  Probe  
  50  5:22  Photon Cannon  
  50  5:24  Photon Cannon  
  50  5:28  Photon Cannon  
  50  5:42  Blink (Chrono Boost)  
  50  5:47  Dark Templar x3  
  56  5:53  Protoss Ground Armor Level 2 (Chrono Boost), Protoss Ground Weapons Level 2 (Chrono Boost)  
  56  5:58  Observer  
  57  6:18  Dark Templar  
  57  6:20  Observer  
  57  6:21  Dark Templar  
  57  6:25  Stalker  
  64  6:29  Zealot  
  66  6:53  Nexus  
  66  6:54  Pylon  
  66  6:55  Stalker x4  
  66  6:57  Pylon  
  66  7:01  Assimilator  
  74  7:32  Dark Templar x3  
  74  7:33  Dark Templar  
  82  8:05  Stalker  
  82  8:06  Stalker x2, Nexus  
  82  8:07  Stalker  
  82  8:08  Pylon  
  82  8:12  Assimilator  
  90  8:14  Assimilator  
  89  8:20  Observer (Chrono Boost)  
  86  8:33  Observer (Chrono Boost)  
  77  8:53  Probe (Chrono Boost)  
  77  8:54  Probe (Chrono Boost)  
  77  8:55  Probe (Chrono Boost)  
  80  8:59  Stalker x3  
  80  9:00  Stalker  
  90  9:04  Probe x2 (Chrono Boost)  
  90  9:05  Probe (Chrono Boost)  
  90  9:09  Probe x3 (Chrono Boost)  
  91  9:16  Pylon  
  94  9:18  Pylon  
  94  9:19  Pylon, Probe  
  94  9:20  Probe x2  
  94  9:22  Gateway  
  97  9:27  Gateway x2  
  97  9:32  Probe x2 (Chrono Boost)  
  97  9:33  Gateway, Probe (Chrono Boost)  
  97  9:35  Gateway  
  97  9:38  Gateway  
  100  9:39  Probe (Chrono Boost)  
  100  9:44  Probe x2 (Chrono Boost)  
  100  9:45  Probe (Chrono Boost)  
  104  9:52  Gateway x2  
  99  10:15  Protoss Ground Weapons Level 3 (Chrono Boost), Protoss Ground Armor Level 3 (Chrono Boost)  
  74  11:20  Observer (Chrono Boost)  
  67  11:30  Probe x3 (Chrono Boost)  
  69  11:33  Observer (Chrono Boost)  
  69  11:35  Probe (Chrono Boost)  
  67  11:41  Probe x3 (Chrono Boost)  
  67  11:42  Assimilator  
  67  11:44  Probe (Chrono Boost)  
  66  11:48  Dark Templar x5  
  66  11:50  Zealot x5, Probe x3 (Chrono Boost)  
  66  11:51  Zealot x2, Probe (Chrono Boost)  
  66  11:53  Observer (Chrono Boost)  
  91  11:56  Probe x3  
  91  11:57  Probe  
  95  12:02  Pylon  
  95  12:03  Gateway  
  95  12:06  Gateway, Observer (Chrono Boost)  
  97  12:08  Probe x3  
  97  12:09  Gateway, Probe  
  100  12:31  Probe  
  101  12:43  Probe  
  102  12:47  Gateway  
  102  12:48  Gateway  
  102  12:50  Gateway  
  102  12:53  Gateway  
  102  12:54  Gateway  
  102  12:57  Gateway  
  102  13:00  Gateway, Dark Templar x6  
  102  13:01  Dark Templar  
  102  13:02  Zealot x4  
  102  13:03  Zealot, Protoss Shields Level 1 (Chrono Boost)  
  126  13:10  Charge  
  126  13:21  Probe  
  126  13:24  Pylon  
  127  13:28  Pylon  
  127  13:33  Probe  
  128  13:34  Stalker x3  
  128  13:35  Stalker x5  
  128  13:37  Stalker  
  146  13:43  Nexus  
  146  13:56  Stalker  
  146  13:57  Stalker x5  
  158  14:58  Stalker x2  
  158  14:59  Stalker x6  
  174  15:00  Stalker x6  
  174  15:01  Stalker x5  
  174  15:02  Stalker x2  
Show
View Real Time Build Order
Export as new Build Order

IagoAbreu Protoss 

Build Orders:  

Get SALT Encoding   

  12  0:02  Probe (Chrono Boost)  
  13  0:11  Probe (Chrono Boost)  
  14  0:29  Probe  
  14  0:30  Pylon  
  15  0:41  Assimilator  
  15  0:48  Probe  
  16  0:53  Gateway  
  16  0:57  Forge  
  16  1:02  Probe  
  17  1:21  Pylon  
  17  1:23  Pylon  
  17  1:40  Photon Cannon  
  17  1:44  Probe (Chrono Boost)  
  18  1:51  Assimilator  
  19  1:54  Probe (Chrono Boost)  
  19  1:59  Probe (Chrono Boost)  
  19  2:03  Cybernetics Core  
  20  2:11  Probe  
  21  2:23  Probe  
  22  2:36  Nexus  
  22  2:48  Shield Battery  
  22  2:54  Photon Cannon  
  22  3:02  Pylon  
  22  3:09  Stalker  
  24  3:21  Robotics Facility  
  24  3:23  Warp Gate  
  24  3:37  Protoss Shields Level 1 (Chrono Boost)  
  24  3:41  Stalker  
  26  3:48  Probe (Chrono Boost)  
  27  3:58  Probe (Chrono Boost)  
  28  4:03  Twilight Council, Probe (Chrono Boost)  
  29  4:15  Stalker (Chrono Boost), Probe  
  32  4:26  Observer  
  32  4:27  Probe  
  34  4:37  Stalker  
  36  4:47  Observer  
  37  5:20  Blink  
  37  5:21  Warp Prism  
  37  5:28  Stargate  
  39  5:30  Dark Shrine  
  39  5:38  Probe (Chrono Boost)  
  39  5:42  Assimilator  
  40  5:44  Assimilator  
  40  5:48  Probe (Chrono Boost), Protoss Air Weapons Level 1  
  41  5:53  Probe (Chrono Boost)  
  41  6:01  Observer  
  42  6:05  Probe  
  43  6:17  Probe  
  43  6:18  Pylon  
  44  6:20  Pylon  
  44  6:27  Pylon  
  44  6:29  Gateway  
  44  6:32  Gateway  
  44  6:35  Gateway  
  44  6:37  Gateway  
  44  6:52  Dark Templar  
  43  7:40  Phoenix  
  44  7:46  Observer  
  44  7:51  Probe  
  46  8:03  Probe  
  46  8:05  Phoenix  
  49  8:07  Observer  
  49  8:12  Dark Templar  
  52  8:14  Dark Templar  
  52  8:15  Zealot, Probe  
  52  8:18  Zealot x2  
  59  8:27  Probe  
  58  8:39  Probe  
  51  9:05  Immortal  
  55  9:10  Void Ray (Chrono Boost)  
  59  9:19  Dark Templar x2  
  61  9:27  Zealot  
  61  9:28  Zealot x2  
  67  9:31  Archon  
  67  9:38  Immortal (Chrono Boost)  
  71  9:46  Void Ray (Chrono Boost)  
  75  9:57  Observer  
  38  10:25  Observer (Chrono Boost)  
  35  10:45  Zealot x4  
  23  11:09  Dark Templar  
  23  11:10  Dark Templar  
  7  11:41  Probe (Chrono Boost)  
  8  12:02  Pylon  
  8  12:06  Pylon  
  8  12:19  Gateway  
  8  12:20  Gateway  
  8  12:22  Probe (Chrono Boost)  
  9  12:23  Gateway  
  9  12:24  Gateway  
  9  12:26  Gateway  
  9  12:33  Probe (Chrono Boost)  
  10  12:38  Robotics Facility, Probe (Chrono Boost)  
  11  12:44  Zealot x3  
  17  12:56  Phoenix  
  17  12:57  Templar Archives  
  19  13:19  Probe (Chrono Boost)  
  20  13:27  Nexus  
  20  13:28  Probe (Chrono Boost)  
  20  13:33  Probe (Chrono Boost)  
  22  13:45  Probe  
  22  13:47  Observer  
  23  14:04  Zealot  
  10  14:36  High Templar  
Tags
 
Add a new tag
Caveats
  • Supply blocks, unpowered buildings, or Contaminate may cause inaccurate times.
  • Supply counts are checked every 10 seconds.